 Dungeon Crawl Stone Soup version 0.30-a0-266-g2b27a225a3 (webtiles) character file.

Game seed: 16782925967168900547

109 Essalna the Grasshopper (level 4, -2/39 HPs)
             Began as an Armataur Warper on Oct 14, 2022.
             Slain by a gnoll
             ... wielding a +0 whip
              (4 damage)
             ... on level 2 of the Dungeon.
             The game lasted 00:04:14 (2308 turns).

Essalna the Grasshopper (Armataur Warper)           Turns: 2308, Time: 00:04:14

Health: -2/39      AC:  7    Str: 18    XL:     4   Next: 59%
Magic:  6/6        EV:  8    Int: 13    God:
Gold:   52         SH:  0    Dex: 10    Spells: 6/6 levels left

rFire   . . .      SeeInvis .    a - +1 mace
rCold   . . .      Faith    .    (no shield)
rNeg    . . .      Spirit   .    f - +1 ring mail
rPois   .          Reflect  .    (no helmet)
rElec   .          Harm     .    (no cloak)
rCorr   .          Roll     +    (no gloves)
Will    +....                    (no barding)
Stlth   ..........               (no amulet)
HPRegen 0.26/turn                h - ring of willpower
MPRegen 0.10/turn                (no ring)

@: no status effects
A: large, rugged brown scales 3, deformed body, armoured tail, roll, long
tongue, awkward tongue
a: no special abilities


You were on level 2 of the Dungeon.
You visited 1 branch of the dungeon, and saw 3 of its levels.

You collected 52 gold pieces.

Inventory:

Hand Weapons
 a - a +1 mace (weapon)
Missiles
 d - 5 boomerangs of dispersal (quivered)
 n - 4 silver javelins
Armour
 b - a +0 leather armour
 f - a +1 ring mail (worn)
Jewellery
 h - a ring of willpower (left hand)
Scrolls
 c - a scroll of blinking
 e - a scroll of noise {unknown}
 i - a scroll of fog
 k - 2 scrolls of teleportation
 l - 5 scrolls of identify
Potions
 g - a potion of might
 j - a potion of attraction {unknown}
 m - a potion of heal wounds {unknown}


   Skills:
 + Level 2.6 Fighting
 + Level 2.6 Maces & Flails
 - Level 0.8 Throwing
 + Level 2.8 Armour
 - Level 1.3 Dodging
 - Level 1.7 Spellcasting
 + Level 3.7 Translocations


You had 6 spell levels left.
You didn't know any spells.
Your spell library contained the following spells:

 Spells                   Type           Power      Damage    Failure   Level
 Blink                    Tloc           20%        N/A       16%         2
 Lesser Beckoning         Tloc           20%        N/A       30%         3
 Teleport Other           Tloc           10%        N/A       30%         3
 Vhi's Electric Charge    Tloc/Air       10%        N/A       54%         3
 Manifold Assault         Tloc           10%        N/A       69%         4
 Alistair's Intoxication  Tmut/Pois      0%         N/A       100%        5
 Borgnjor's Vile Clutch   Necr/Erth      0%         N/A       100%        5
 Eringya's Noxious Bog    Tmut/Pois      0%         N/A       100%        6


Dungeon Overview and Level Annotations

Branches:
Dungeon (3/15)

Altars:

Shops:
D:1 [

Annotations:
D:2 Grinder


Innate Abilities, Weirdness & Mutations

You are completely covered in rugged brown scales. (AC +3, +7% HP)
Armour fits poorly on your strangely shaped body.
You have a long armoured tail.
You roll when moving toward enemies. (Rampage)
Your long tongue fully drains potion bottles. (2x potion effects)
Your tongue gives you trouble enunciating. (1.5x scroll delay)


Message History

There is an open gate here.
There is an open gate here.
There is a stone staircase leading down here.
You climb downwards.
Level annotation: Grinder The gnoll hits you with a +0 whip.
A goblin comes into view. It is wielding a +0 dagger.
Found 6 gold pieces.
Found an escape hatch in the floor.
There is a stone staircase leading up here.
The goblin shouts!
The gnoll hits you with a +0 whip. The gnoll hits you but does no damage.
Grinder hits you.
You writhe in agony.
You climb upwards.
There is a stone staircase leading down here.
You hit the gnoll but do no damage. Grinder hits you.
You writhe in agony.
The gnoll hits you but does no damage. x2
You hit the gnoll.
You tail-slap the gnoll, but do no damage.
The gnoll is heavily wounded.
Grinder gestures at you.
You easily resist.
The gnoll hits you with a +0 whip. x2
You hit the gnoll.
The gnoll is severely wounded.
Grinder hits you but does no damage. The gnoll barely misses you.
The gnoll closely misses you. Grinder gestures at you.
You easily resist.
The gnoll misses you. The gnoll barely misses you.
You thump the gnoll!
You kill the gnoll!
Grinder hits you.
* * * LOW HITPOINT WARNING * * *
You writhe in agony.
* * * LOW HITPOINT WARNING * * *
The gnoll hits you but does no damage. The gnoll hits you with a +0 whip.
* * * LOW HITPOINT WARNING * * *
Things that are here:
a +0 whip; a gnoll corpse The gnoll attacks as you move away!
The gnoll hits you with a +0 whip.
You die...

### #.# #.# ##########.#
#..........# ############.#
#.........##.#
#.#######.##.#
#####..######.##@######
................5g....#
#####..##.###.....###.####
#......##..##.#..........#
.......##..##.#...###.##.#
#.###..##..##.#.......##.###
#<.....##..................#
####.#.##..####...#..###.#.#
.###.#...............##..#.#


You could see Grinder and a gnoll.

Vanquished Creatures
  An adder (D:2)
  6 gnolls
  A worm (D:2)
  4 ball pythons
  7 bats
  An endoplasm (D:1)
  5 goblins
  4 hobgoblins
  4 kobolds
  3 quokkas
  2 frilled lizards (D:1)
  A rat (D:1)
39 creatures vanquished.

Notes
Turn   | Place    | Note
-------+----------+-------------------------------------------
     0 | D:1      | Essalna the Armataur Warper began the quest for the Orb.
     0 | D:1      | Reached XP level 1. HP: 18/18 MP: 3/3
   172 | D:1      | Reached XP level 2. HP: 19/25 MP: 4/4
   441 | D:1      | Found Kosia's Antique Armour Shop.
   747 | D:1      | Reached XP level 3. HP: 31/31 MP: 5/5
  1682 | D:1      | Reached XP level 4. HP: 9/39 MP: 6/6
  2233 | D:3      | Noticed Grinder
  2308 | D:2      | Slain by a gnoll

Illustrated notes

Levels and vault maps discovered:
D:1:      sevenhm_arrival_forest_fort_large_2, layout_basic, serial_shops,
          nicolae_shop_temple_entry_statues_fountains
D:2:      layout_basic, kennysheep_cluttered_room, nicolae_grassy_gnolls
D:3:      layout_rooms, yredelemnul_altar_generic, uniq_grinder, uniq_robin

Skill      XL: |  1  2 |
---------------+-------+-----
Fighting       | 2 |  2.6
Maces & Flails | 2 |  2.6
Armour         | 2 |  2.8
Throwing       | |  0.8
Dodging        | |  1.3
Spellcasting   | |  1.7
Translocations | |  3.7

Action                   |  1- 3 |  4- 6 || total
-------------------------+-------+-------++-------
Melee: Mace              |    96 |    43 ||   139
       Tailslap          |     8 |     3 ||    11
       Punch             |       |     1 ||     1
Throw: Boomerang         |     2 |       ||     2
  Use: Scroll            |     6 |       ||     6
Armor: Ring mail         |    54 |    25 ||    79
       Leather armour    |     1 |       ||     1
Dodge: Dodged            |    49 |    25 ||    74

Table legend: (Time is in decaauts)
 A = Elapsed time spent in this place.
 B = Non-inter-level travel time spent in this place.
 C = Inter-level travel time spent in this place.
 D = Time resting spent in this place.
 E = Time spent auto-exploring this place.
 F = Levels seen in this place.
 G = Mean time per level.
                   A        B        C        D        E       F      G
               +--------+--------+--------+--------+--------+-----+--------+
         Total |   2352 |   2183 |    169 |    249 |   1569 |   3 |  784.0 |
       Dungeon |   2352 |   2183 |    169 |    249 |   1569 |   3 |  784.0 |
               +--------+--------+--------+--------+--------+-----+--------+

Top non-repeatable levels by time:
     D:1: 1233 daAuts
     D:2: 1102 daAuts
     D:3: 17 daAuts
